AoeStats
← GordonFriman681

Fortress

509539100Analyzed
3v3 RM · 5d ago on Sep 27, 2026· 73m 6s· 6 players
Game mode
Random Map
Map size
Large (8 player)
Population
200
Speed
Normal
Resources
Standard
Victory
Conquest
Starting age
Dark Age
Ending age
Imperial Age
RankedLock teamsTeams togetherTeam positionsShared explorationLock speedFull tech treeHidden civsTurbo modeCheats
Victory
Defeat
🇨🇴 Turks · Colombia
705
+16
🇦🇷 Malians · Argentina
705
+16
🇺🇸 Wei · United States
691
+16
🇦🇷 Britons · Argentina
727
-18
🇦🇷 Franks · Argentina
705
-16
🇦🇷 Hindustanis · Argentina
656
-14
Forsaken__King
6:26 Feudal Age
5:20 Loom
7:26 Double-Bit Axe
7:22 Horse Collar
9:01 Gold Mining
10:21 Stone Mining
16:36 Castle Age
16:27 Bloodlines
16:32 Forging
16:28 Scale Barding Armor
17:20 Heavy Plow
17:33 Bow Saw
20:25 Husbandry
21:38 Gold Shaft Mining
21:20 Pikeman
27:16 Squires
29:16 Wheelbarrow
30:18 Arson
31:11 Hand Cart
31:29 Ballistics
37:49 Imperial Age
36:25 Iron Casting
36:26 Tuntian
37:46 Chain Barding Armor
37:17 Fletching
39:12 Stone Shaft Mining
40:24 Heavy Hei Guang Cavalry
42:09 Blast Furnace
41:43 Fortified Wall
41:29 Murder Holes
42:45 Town Watch
42:59 Bodkin Arrow
43:05 Scale Mail Armor
42:27 Halberdier
44:30 Crop Rotation
44:07 Bracer
44:19 Masonry
44:00 Guard Tower
49:24 Chemistry
48:07 Treadmill Crane
48:30 Town Patrol
50:20 Elite Tiger Cavalry
51:39 Hoardings
51:09 Capped Ram
52:35 Conscription
54:44 Chain Mail Armor
55:01 Ming Guang Armor
58:10 Fervor
67:36 Caravan
Fulgur
8:37 Loom
10:37 Feudal Age
9:37 Loom
12:23 Double-Bit Axe
12:41 Horse Collar
16:53 Castle Age
15:22 Forging
24:36 Fletching
28:01 Iron Casting
27:32 Scale Barding Armor
29:17 Town Watch
36:42 Town Watch
37:32 Wheelbarrow
42:20 Wheelbarrow
52:39 Town Patrol
52:55 Hand Cart
60:50 Imperial Age
66:58 Guilds
Junran
7:34 Feudal Age
9:10 Loom
9:59 Double-Bit Axe
14:30 Castle Age
13:22 Horse Collar
14:34 Scale Barding Armor
15:31 Bloodlines
16:09 Husbandry
15:33 Light Cavalry
18:37 Gold Mining
20:24 Bow Saw
21:57 Pikeman
23:54 Scale Mail Armor
27:39 Heavy Plow
32:15 Imperial Age
30:31 Wheelbarrow
30:45 Fletching
31:29 Elite Skirmisher
32:45 Caravan
33:25 Conscription
33:46 Farimba
35:10 Wheelbarrow
36:09 Forging
36:18 Stone Mining
36:29 Crossbowman
37:23 Cavalier
38:42 Padded Archer Armor
40:18 Iron Casting
40:19 Bodkin Arrow
43:45 Ballistics
44:27 Chemistry
44:37 Gold Shaft Mining
44:38 Stone Shaft Mining
44:40 Hand Cart
44:44 Thumb Ring
45:31 Chain Barding Armor
46:58 Chain Mail Armor
47:19 Arbalester
52:15 Crop Rotation
51:20 Elite Gbeto
52:41 Leather Archer Armor
52:30 Heavy Camel Rider
53:24 Capped Ram
daedra09220
8:16 Feudal Age
8:42 Double-Bit Axe
8:40 Horse Collar
15:45 Castle Age
17:13 Grand Trunk Road
18:18 Bow Saw
18:18 Heavy Plow
19:09 Pikeman
24:54 Forging
28:03 Scale Barding Armor
29:08 Scale Mail Armor
33:11 Iron Casting
33:07 Fletching
36:39 Squires
39:17 Imperial Age
38:01 Chain Mail Armor
37:43 Bodkin Arrow
38:01 Thumb Ring
41:05 Husbandry
41:19 Bloodlines
43:59 Shatagni
44:20 Conscription
44:12 Caravan
47:15 Chemistry
46:57 Light Cavalry
PANXIDIESREY
3:22 Loom
9:50 Feudal Age
14:18 Castle Age
13:08 Double-Bit Axe
13:14 Horse Collar
15:45 Bow Saw
15:38 Heavy Plow
15:34 Stone Mining
18:43 Fletching
18:54 Padded Archer Armor
21:54 Forging
23:19 Wheelbarrow
23:35 Gold Mining
24:37 Bodkin Arrow
25:58 Leather Archer Armor
27:48 Yeomen
31:24 Imperial Age
32:53 Bracer
33:24 Ring Archer Armor
33:30 Iron Casting
34:20 Conscription
34:02 Warwolf
34:44 Scale Mail Armor
34:08 Pikeman
35:28 Squires
35:14 Arson
37:17 Chain Mail Armor
40:07 Blast Furnace
39:38 Plate Mail Armor
40:36 Halberdier
43:13 Elite Longbowman
44:59 Siege Engineers
47:13 Chemistry
52:06 Two-Man Saw
51:45 Gold Shaft Mining
56:40 Ballistics
56:02 Treadmill Crane
57:32 Murder Holes
58:04 Hand Cart
57:34 Town Watch
59:09 Town Patrol
72:22 Capped Ram
GordonFriman681
8:35 Loom
10:55 Feudal Age
13:46 Double-Bit Axe
17:23 Castle Age
19:13 Gold Mining
21:37 Scale Mail Armor
21:51 Forging
22:41 Scale Barding Armor
26:22 Ballistics
28:23 Wheelbarrow
29:02 Ordonnance Companies
30:44 Caravan
35:08 Imperial Age
34:45 Fletching
35:01 Padded Archer Armor
36:05 Iron Casting
35:28 Cavalier
37:03 Chain Barding Armor
37:19 Bodkin Arrow
39:06 Gold Shaft Mining
41:45 Chemistry
41:21 Cranequins
43:06 Hand Cart
43:12 Town Watch
44:02 Conscription
47:58 Blast Furnace
49:47 Fortified Wall
49:44 Siege Engineers
54:07 Heavy Mounted Crossbowman
62:37 Paladin
65:05 Pikeman
65:47 Squires
65:40 Arson
Connection lost

Rejoining the realm…

Still unreachable

The connection could not be restored.

Session expired

The server has moved on; the page needs a fresh start.